 Dungeon Crawl Stone Soup version 0.31-a0-233-g139696dc86 (webtiles) character file.

Game seed: 5361119032242162996

1738 qw the Skirmisher (level 8, -2/73 HPs)
             Began as a Minotaur Hexslinger on July 9, 2023.
             Was a Follower of Okawaru.
             Slain by an orc
             ... wielding a +0 trident of protection
              (7 damage)
             ... on level 7 of the Dungeon.
             The game lasted 00:01:31 (4910 turns).

qw the Skirmisher (Minotaur Hexslinger)             Turns: 4910, Time: 00:01:31

Health: -2/73      AC:  7    Str:  8    XL:     8   Next: 77%
Magic:  19/19      EV: 14    Int: 10    God:    Okawaru [*.....]
Gold:   283        SH:  0    Dex: 18    Spells: 8/9 levels left

rFire   . . .        Y - +4 arbalest (freeze)
rCold   . . .        (shield currently unavailable)
rNeg    + . .        c - +0 ring mail
rPois   .            (helmet restricted)
rElec   .            (no cloak)
rCorr   .            l - +0 pair of gloves
SInv    .            (no boots)
Will    .....        (no amulet)
Stlth   ++           a - ring "Lefucuxt" {rN+ MP+9 Str-4 Dex+2}
HPRegen 0.32/turn    (no ring)
MPRegen 0.16/turn

%: no passive effects
@: heroic, slowed, very slow
A: horns 2, retaliatory headbutt
a: Renounce Religion, Heroism


You were on level 7 of the Dungeon.
You worshipped Okawaru.
Okawaru was aware of your devotion.
You visited 2 branches of the dungeon, and saw 8 of its levels.

You collected 343 gold pieces.
You spent 60 gold pieces at shops.


Innate Abilities, Weirdness & Mutations

You have a pair of horns on your head.
You reflexively headbutt those who attack you in melee.


   Skills:
 - Level 7.1(12.1) Fighting
 + Level 9.0(14.0) Ranged Weapons
 - Level 2.3(7.3) Armour
 - Level 3.2(8.2) Dodging
 - Level 1.0 Spellcasting
 - Level 2.0 Hexes
 - Level 4.1 Invocations


You had 8 spell levels left.
You knew the following spells:

 Your Spells              Type           Power      Damage    Failure   Level
a - Slow                  Hex            16%        N/A       36%         1

Your spell library contained the following spells:

 Spells                   Type           Power      Damage    Failure   Level
 Inner Flame              Hex/Fire       2%         N/A       87%         3
 Portal Projectile        Hex/Tloc       4%         N/A       87%         3
 Cause Fear               Hex            2%         N/A       98%         4

Inventory:

Hand Weapons
 Y - a +4 arbalest of freezing (weapon)
Armour
 c - a +0 ring mail (worn)
 l - a +0 pair of gloves (worn)
Jewellery
 a - the ring "Lefucuxt" (left hand) {rN+ MP+9 Str-4 Dex+2}
   (You found it on level 2 of the Dungeon)

   [ring of positive energy]

   Str:       It affects your strength (-4).
   Dex:       It affects your dexterity (+2).
   rN:        It protects you from negative energy.
   MP:        It affects your magic capacity (+9).
Scrolls
 f - a scroll of identify
Potions
 d - a potion of enlightenment
 e - a potion of magic
 g - 3 potions of curing
 i - a potion of haste
 j - a potion of might {unknown}

Dungeon Overview and Level Annotations

Branches:
Dungeon (7/15)             Temple (1/1) D:4

Altars:
Ashenzari
Cheibriados
Elyvilon
Fedhas
Gozag
Hepliaklqana
Kikubaaqudgha
Makhleb
Nemelex Xobeh
Okawaru
Qazlal
Ru
Trog
Uskayaw
Vehumet
Wu Jian
Xom
The Shining One

Shops:
D:1 =   D:3 :   D:4 *

Annotations:
D:5 1 runed translucent door, Crazy Yiuf


Message History

You feel much better.
You feel very sick. The hornet closely misses you. You furiously retaliate!
You headbutt the hornet. The orc misses you. The hornet stings you.
You feel as though you will be slow longer.
You shoot a bolt. The bolt misses the hornet.
You feel very sick. The hornet misses you. You furiously retaliate!
You headbutt the hornet!
The orc hits you from afar with a +0 trident of protection.
The hornet stings you.
You feel as though you will be slow longer.
The orc hits you from afar with a +0 trident of protection.
The hornet misses you.
4907 ||| DRINKING potion of heal wounds.
You feel much better.
You feel very sick. The hornet stings you!
You feel as though you will be slow longer.
The orc closely misses you. The hornet stings you!
You feel as though you will be slow longer.
The orc hits you from afar with a +0 trident of protection.
You shoot a bolt. The bolt closely misses the hornet.
You feel sick.
The hornet stings you but does no damage.
The hornet closely misses you. The orc barely misses you.
The hornet closely misses you.
The orc hits you from afar with a +0 trident of protection.
You shoot a bolt. The bolt hits the hornet!
The bolt freezes the hornet.
You kill the hornet!
Okawaru is honoured by your kill.
You can now gain great but temporary skills.
You feel sick. The orc misses you.
The orc hits you from afar with a +0 trident of protection.
Your base Fighting skill gained 2 levels and is now at level 7!
You shoot a bolt. The bolt closely misses the orc.
You feel sick.
You are no longer poisoned.
The orc misses you.
The orc hits you from afar with a +0 trident of protection!
You die...

....((........
..............
......(....... .
....>......... # ..
...........[..#. ...
................ ....
#......<.....#)# .....
####......####o###......
##.......####..@)......
#........#.##..........
##....###...............
........................
........................
...............##.......
...##....##...## #...#.#
############### ##.###
##


You could see an orc.

Vanquished Creatures
  A hornet (D:7)
  A yak (D:5)
  An orc warrior (D:6)
  An ice beast (D:6)
  2 ogres
  A phantom (D:5)
  A kobold brigand (D:6)
  A bullfrog (D:6)
  2 scorpions
  3 killer bees (D:7)
  A jelly (D:7)
  3 orc priests
  3 iguanas
  4 sleepcaps
  3 orc wizards
  4 gnolls (D:5)
  9 adders
  A white imp (D:6)
  2 ufetubi
  2 worms
  2 dart slugs
  11 orcs
  A bat (D:3)
  3 endoplasms
  7 giant cockroaches
  5 goblins
  4 hobgoblins
  3 quokkas
  3 ball pythons
  4 frilled lizards
  8 kobolds
  5 rats
102 creatures vanquished.

Notes
Turn   | Place    | Note
-------+----------+-------------------------------------------
     0 | D:1      | qw the Minotaur Hexslinger began the quest for the Orb.
     0 | D:1      | Reached XP level 1. HP: 16/16 MP: 1/1
     0 | D:1      | 0 ||| qw: Version: 0.3-a-51-g015441d
     0 | D:1      | 0 ||| qw: Game counter: 4023
     0 | D:1      | 0 ||| qw: Melee chars always use a shield: true
     0 | D:1      | 0 ||| qw: God list: Okawaru
     0 | D:1      | 0 ||| qw: Allow faded altars: false
     0 | D:1      | 0 ||| qw: Do Orc after clearing Dungeon:15 true
     0 | D:1      | 0 ||| qw: Do second Lair branch before Depths: true
     0 | D:1      | 0 ||| qw: Lair rune preference: random
     0 | D:1      | 0 ||| qw: Goals: Normal
     0 | D:1      | 0 ||| PLANNING D:1-11
   330 | D:1      | Found Bobre's Jewellery Shop.
   336 | D:1      | 336 ||| SHOPLISTING +6 ring of dexterity (504 gold, have
                  | 13).
   336 | D:1      | 336 ||| SHOPLISTING +6 ring of strength (504 gold, have
                  | 13).
   336 | D:1      | 336 ||| SHOPLISTING amulet of reflection (420 gold, have
                  | 13).
   336 | D:1      | 336 ||| SHOPLISTING amulet of regeneration (420 gold, have
                  | 13).
   336 | D:1      | 336 ||| SHOPLISTING amulet of the acrobat (420 gold, have
                  | 13).
   336 | D:1      | 336 ||| SHOPLISTING ring "Anavigg" {rElec Will- rCorr
                  | Str+3} (505 gold, have 13).
   336 | D:1      | 336 ||| SHOPLISTING ring of positive energy (280 gold, have
                  | 13).
   336 | D:1      | 336 ||| SHOPLISTING ring of resist corrosion (280 gold,
                  | have 13).
   336 | D:1      | 336 ||| SHOPLISTING ring of willpower (350 gold, have 13).
   342 | D:1      | Reached skill level 3 in Ranged Weapons
   392 | D:1      | Reached XP level 2. HP: 23/23 MP: 2/2
   643 | D:1      | Found an ornate altar of the Wu Jian Council.
   941 | D:1      | 941 ||| READING scroll labelled KUOREU FYCUZ.
   942 | D:1      | 942 ||| READING scroll labelled LEGANW ZYUKOI.
   943 | D:1      | 943 ||| READING 3 scrolls labelled TYIMON ACAQE.
   944 | D:1      | 944 ||| READING 2 scrolls of identify.
   944 | D:1      | 944 ||| IDENTIFYING dark potion
   945 | D:1      | 945 ||| DROPPING scroll of poison.
  1053 | D:2      | Reached XP level 3. HP: 29/29 MP: 3/3
  1054 | D:2      | Identified the ring "Lefucuxt" {rN+ MP+9 Str-4 Dex+2}
  1216 | D:2      | Reached skill level 4 in Ranged Weapons
  1463 | D:2      | 1463 ||| UPGRADING to ring "Lefucuxt" {rN+ MP+9 Str-4
                  | Dex+2}.
  1533 | D:2      | 1533 ||| READING scroll labelled ZEMIR OWOTI.
  1534 | D:2      | 1534 ||| READING scroll labelled PAKE CAIGU.
  1565 | D:3      | Found a faded altar of an unknown god.
  1567 | D:3      | Found Zoblubli's Book Shop.
  1893 | D:3      | Reached XP level 4. HP: 36/36 MP: 4/4
  2055 | D:3      | 2055 ||| UPGRADING to +0 leather armour.
  2065 | D:3      | 2065 ||| DROPPING +0 robe.
  2066 | D:3      | 2066 ||| UPGRADING to +0 pair of gloves.
  2071 | D:3      | 2071 ||| READING scroll labelled MINAME YJAXEO.
  2071 | D:3      | Identified a scroll of acquirement
  2071 | D:3      | 2071 ||| ACQUIRING +4 arbalest of freezing
  2071 | D:3      | Acquired a +4 arbalest of freezing
  2073 | D:3      | 2073 ||| SWAPPING to +4 arbalest of freezing.
  2074 | D:3      | 2074 ||| DROPPING +1 sling.
  2075 | D:3      | 2075 ||| READING scroll labelled ZEEJAU ZEFUFAPP.
  2176 | D:3      | 2176 ||| DRINKING 2 fuming silvery potions.
  2177 | D:3      | 2177 ||| READING 2 scrolls of identify.
  2177 | D:3      | 2177 ||| IDENTIFYING lumpy black potion
  2178 | D:3      | 2178 ||| DROPPING potion of invisibility.
  2206 | D:4      | Noticed a scorpion
  2208 | D:4      | Killed a scorpion
  2209 | D:4      | Reached skill level 5 in Ranged Weapons
  2209 | D:4      | Reached XP level 5. HP: 41/41 MP: 5/5
  2285 | D:4      | Found Vuken's General Store.
  2292 | D:4      | Reached skill level 3 in Fighting
  2294 | D:4      | 2294 ||| SHOPLISTING +2 leather armour of Apru {Str-2
                  | Dex+8} (379 gold, have 169).
  2294 | D:4      | 2294 ||| BUYING potion of heal wounds (60 gold).
  2294 | D:4      | Bought a potion of heal wounds for 60 gold pieces
  2451 | D:4      | Reached skill level 6 in Ranged Weapons
  2493 | D:4      | Reached skill level 1 in Armour
  2519 | D:4      | Reached XP level 6. HP: 51/51 MP: 6/6
  2595 | D:4      | Found a staircase to the Ecumenical Temple.
  2596 | D:4      | 2596 ||| PLANNING TEMPLE
  2596 | D:4      | 2596 ||| UPGRADING to +0 ring mail.
  2606 | D:4      | 2606 ||| DROPPING +0 leather armour.
  2607 | D:4      | 2607 ||| READING 3 scrolls labelled OWYNOPL NAMO.
  2608 | D:4      | 2608 ||| DRINKING 2 coppery potions.
  2609 | D:4      | 2609 ||| DRINKING 2 blue potions.
  2610 | D:4      | 2610 ||| DROPPING 2 scrolls of vulnerability.
  2611 | D:4      | 2611 ||| DROPPING potion of brilliance.
  2612 | D:4      | 2612 ||| DROPPING potion of degeneration.
  2618 | Temple   | Entered the Ecumenical Temple
  2625 | Temple   | 2625 ||| PLANNING OKAWARU WORSHIP
  2811 | Temple   | Became a worshipper of Warmaster Okawaru
  2812 | Temple   | 2812 ||| PLANNING D:1-11
  3004 | D:5      | Entered Level 5 of the Dungeon
  3186 | D:5      | Reached skill level 7 in Ranged Weapons
  3186 | D:5      | Reached XP level 7. HP: 60/60 MP: 7/7
  3225 | D:5      | Noticed a yak
  3230 | D:5      | Killed a yak
  3230 | D:5      | Reached * piety under Okawaru
  3312 | D:5      | Found a shimmering altar of Xom.
  3419 | D:5      | 3419 ||| Stepping ~*~*~tactically~*~*~ (outnumbered).
  3425 | D:5      | Reached skill level 8 in Ranged Weapons
  3431 | D:5      | 3431 ||| INVOKING Heroism.
  3432 | D:5      | 3432 ||| Stepping ~*~*~tactically~*~*~ (outnumbered).
  3457 | D:5      | 3457 ||| INVOKING Heroism.
  3519 | D:5      | Found a runed translucent door.
  3520 | D:5      | Noticed Crazy Yiuf
  3737 | D:6      | 3737 ||| STAIRDANCE
  3920 | D:6      | Reached skill level 1 in Invocations
  3934 | D:6      | 3934 ||| DRINKING 2 potions of curing.
  3934 | D:6      | 3934 ||| (to cure confusion)
  4093 | D:6      | 4093 ||| INVOKING Heroism.
  4097 | D:6      | 4097 ||| Stepping ~*~*~tactically~*~*~ (outnumbered).
  4101 | D:6      | Reached XP level 8. HP: 64/68 MP: 8/8
  4104 | D:6      | 4104 ||| INVOKING Heroism.
  4197 | D:6      | Reached skill level 3 in Invocations
  4334 | D:6      | 4334 ||| INVOKING Heroism.
  4338 | D:6      | Reached skill level 9 in Ranged Weapons
  4630 | D:6      | 4630 ||| READING scroll labelled KOJOPL MAMITWI.
  4631 | D:6      | 4631 ||| READING scroll labelled XERILI YTOYB.
  4632 | D:6      | 4632 ||| READING 3 scrolls of identify.
  4632 | D:6      | 4632 ||| IDENTIFYING viscous yellow potion
  4633 | D:6      | 4633 ||| READING 2 scrolls of identify.
  4633 | D:6      | 4633 ||| IDENTIFYING yellow potion
  4687 | D:7      | 4687 ||| INVOKING Heroism.
  4698 | D:7      | 4698 ||| STAIRDANCE
  4701 | D:6      | 4701 ||| INVOKING Heroism.
  4704 | D:6      | Reached skill level 3 in Dodging
  4896 | D:7      | Noticed a hornet
  4899 | D:7      | 4899 ||| INVOKING Heroism.
  4904 | D:7      | HP: 15/70 [hornet (8)]
  4904 | D:7      | Paralysed by a hornet for 1 turns
  4905 | D:7      | 4905 ||| DRINKING 2 potions of heal wounds.
  4907 | D:7      | 4907 ||| DRINKING potion of heal wounds.
  4909 | D:7      | Killed a hornet
  4909 | D:7      | HP: 9/70 [poisoned by a hornet]
  4910 | D:7      | Slain by an orc

Levels and vault maps discovered:
D:1:      sevenhm_arrival_forest_fort_small_6, layout_basic, serial_shops, shop,
          serial_bayou_lake_a
D:2:      layout_basic, dk_noncrumbling_2
D:3:      layout_loops_cross, ebering_ecumenical_altar_mist, serial_shops, shop
D:4:      layout_loops_ring, minmay_temple_entry_crystal_x, serial_shops,
          nicolae_shop_trees
D:5:      layout_gridville, mainiacjoe_overflow_tiny_flanked,
          minmay_manual_maat, uniq_crazy_yiuf_cottage
D:6:      minmay_spotlight, layout_loops_ring, item_on_display_a
D:7:      minmay_the_grid_plus_closed [minmay_the_grid_outer_circle,
          minmay_the_grid_mess, minmay_the_grid_minigrid_medium,
          minmay_the_grid_diamond_grid,
          minmay_the_grid_prize_four_corners_diamond_a], layout_cave_pools,
          serial_shops, shop
Temple:   bh_familiar_temple

Skill      XL: |  1  2  3  4  5  6  7  8 |
---------------+-------------------------+-----
Ranged Weapons | 3 4 5 6 7 8 9 |  9.0
Fighting       | 2 3 4 5 7 |  7.1
Armour         | 1 2 |  2.3
Invocations    | 2 4 |  4.1
Dodging        | 3 |  3.2
Spellcasting   | |  1.0
Hexes          | |  2.0

Action                     |  1- 3 |  4- 6 |  7- 9 || total
---------------------------+-------+-------+-------++-------
   Fire: Sling             |    95 |     7 |       ||   102
         Arbalest          |       |    62 |   105 ||   167
 Invoke: Heroism           |       |       |     8 ||     8
    Use: Scroll            |     6 |     4 |     4 ||    14
         Potion            |       |     3 |     3 ||     6
 Armour: Robe              |     9 |     1 |       ||    10
         Ring mail         |       |     4 |    48 ||    52
  Dodge: Dodged            |    25 |     6 |    70 ||   101

Table legend:
 A = Non-vault XP
 B = Vault XP
 C = Vault XP percentage of total XP
 D = Non-vault monster count
 E = Vault monster count
 F = Vault count percentage of total count
                 A         B        C        D         E       F
            +---------+---------+-------+---------+---------+-------
      Total |    2033 |     450 |  18.1 |      96 |       6 |   5.9
            +---------+---------+-------+---------+---------+-------
        D:1 |      26 |       0 |   0.0 |      15 |       0 |   0.0
        D:2 |      53 |       0 |   0.0 |      12 |       0 |   0.0
        D:3 |      29 |       0 |   0.0 |       8 |       0 |   0.0
        D:4 |     320 |       0 |   0.0 |      18 |       0 |   0.0
        D:5 |     506 |     235 |  31.7 |      22 |       2 |   8.3
        D:6 |     567 |     215 |  27.5 |       9 |       4 |  30.8
        D:7 |     532 |       0 |   0.0 |      12 |       0 |   0.0
            +---------+---------+-------+---------+---------+-------
